AoeStats
← lav3rn3

Arena

505386619Analyzed
4v4 RM · 22d ago on Sep 9, 2026· 62m 29s· 8 players
Game mode
Random Map
Map size
Large (8 player)
Population
200
Speed
Normal
Resources
Standard
Victory
Conquest
Starting age
Dark Age
Ending age
Imperial Age
RankedLock teamsTeams togetherTeam positionsShared explorationLock speedFull tech treeHidden civsTurbo modeCheats
Victory
Defeat
🇦🇺 Cumans · Australia
1005
+15
🇨🇳 Koreans · China
1000
+45
🇳🇿 Koreans · New Zealand
844
+22
841
+21
🇨🇳 Persians · China
1024
-20
🇧🇷 Spanish · Brazil
978
-19
🇨🇴 Mongols · Colombia
957
-18
🇨🇳 Burgundians · China
917
-16
Matasuegra27
10:03 Feudal Age
16:26 Castle Age
17:24 Double-Bit Axe
20:51 Bow Saw
22:05 Horse Collar
26:12 Gold Mining
28:37 Wheelbarrow
28:44 Gold Shaft Mining
31:22 Forging
31:18 Scale Barding Armor
37:52 Imperial Age
38:03 Heavy Scorpion
38:25 Capped Ram
39:42 Hand Cart
178296399
9:25 Feudal Age
14:02 Castle Age
12:27 Double-Bit Axe
20:13 Horse Collar
22:07 Heavy Plow
24:02 Bow Saw
28:28 Imperial Age
26:10 Gold Mining
26:16 Stone Mining
27:31 Gold Shaft Mining
27:39 Loom
28:35 Stone Shaft Mining
33:42 Conscription
34:15 Scale Barding Armor
35:16 Cavalier
37:49 Bloodlines
37:40 Husbandry
40:20 Two-Man Saw
40:00 Chain Barding Armor
39:40 Scale Mail Armor
39:50 Forging
40:16 Forging
41:29 Wheelbarrow
40:39 Town Watch
41:34 Elite War Elephant
42:53 Iron Casting
42:33 Chain Mail Armor
41:56 Light Cavalry
43:40 Chain Mail Armor
44:00 Plate Barding Armor
43:42 Hand Cart
43:28 Town Patrol
45:50 Blast Furnace
45:20 Plate Mail Armor
46:51 Plate Mail Armor
46:33 Hussar
48:39 Fletching
48:50 Padded Archer Armor
50:14 Chemistry
49:05 Heated Shot
49:21 Bodkin Arrow
50:28 Crop Rotation
53:33 Leather Archer Armor
55:46 Squires
56:39 Capped Ram
57:58 Siege Ram
吕小布
6:49 Loom
11:01 Feudal Age
12:52 Double-Bit Axe
15:47 Castle Age
14:47 Forging
14:43 Scale Barding Armor
23:36 Wheelbarrow
28:21 Imperial Age
26:25 Hand Cart
26:18 Gold Mining
26:18 Stone Mining
26:41 Murder Holes
27:45 Iron Casting
27:30 Scale Mail Armor
28:32 Chain Barding Armor
27:55 Treadmill Crane
27:48 Cavalier
29:49 Conscription
30:00 Fletching
32:10 Burgundian Vineyards
32:22 Husbandry
31:58 Paladin
34:05 Gold Shaft Mining
34:06 Stone Shaft Mining
34:33 Blast Furnace
33:49 Fortified Wall
33:37 Pikeman
35:39 Chemistry
34:36 Bodkin Arrow
34:29 Halberdier
36:31 Flemish Revolution
36:29 Elite Coustillier
38:37 Plate Barding Armor
38:04 Bracer
38:21 Chain Mail Armor
38:19 Bow Saw
38:55 Elite Skirmisher
40:36 Horse Collar
41:00 Padded Archer Armor
41:31 Plate Mail Armor
43:25 Leather Archer Armor
43:23 Light Cavalry
44:23 Caravan
45:28 Ballistics
44:34 Hussar
46:08 Squires
45:54 Arson
Danhão
11:02 Feudal Age
12:18 Loom
15:17 Castle Age
13:39 Double-Bit Axe
16:41 Bow Saw
19:15 Town Watch
23:36 Scale Barding Armor
24:03 Forging
24:58 Bloodlines
24:09 Light Cavalry
24:42 Light Cavalry
25:22 Husbandry
27:50 Wheelbarrow
29:25 Chain Barding Armor
30:00 Iron Casting
29:29 Husbandry
33:09 Hand Cart
35:14 Pikeman
39:25 Imperial Age
39:28 Cavalier
40:46 Plate Barding Armor
42:50 Blast Furnace
41:21 Paladin
43:10 Chemistry
43:04 Halberdier
45:36 Careening
45:21 Murder Holes
45:20 Fletching
47:01 Ballistics
48:28 Scale Mail Armor
48:23 Bodkin Arrow
lav3rn3
0:44 Loom
12:22 Feudal Age
14:31 Wheelbarrow
13:47 Double-Bit Axe
15:18 Horse Collar
20:29 Castle Age
23:45 Hand Cart
23:46 Bow Saw
24:37 Stone Mining
24:38 Gold Mining
36:44 Gambesons
37:00 Squires
36:46 Arson
37:20 Forging
37:13 Scale Mail Armor
37:08 Fletching
42:22 Imperial Age
40:34 Iron Casting
40:15 Chain Mail Armor
40:00 Bodkin Arrow
48:58 Imperial Age
48:25 Caravan
50:39 Elite War Wagon
53:12 Chemistry
52:23 Siege Engineers
53:13 Gold Shaft Mining
57:19 Shinkichon
57:24 Ballistics
57:11 Bracer
57:42 Elite Fire Lancer
60:18 Pikeman
Mick The Brick
9:46 Feudal Age
11:05 Double-Bit Axe
11:30 Horse Collar
15:14 Wheelbarrow
18:18 Gold Mining
21:00 Castle Age
19:30 Stone Mining
19:50 Loom
20:14 Scale Barding Armor
20:20 Forging
21:53 Bow Saw
21:45 Heavy Plow
22:23 Gold Shaft Mining
22:15 Chain Barding Armor
22:32 Iron Casting
22:10 Bloodlines
27:38 Hand Cart
28:33 Town Watch
29:35 Fletching
29:53 Thumb Ring
30:38 Bodkin Arrow
30:43 Padded Archer Armor
31:11 Ballistics
31:02 Masonry
33:09 Leather Archer Armor
35:37 Imperial Age
35:01 Light Cavalry
37:46 Two-Man Saw
36:17 Heavy Cavalry Archer
37:32 Parthian Tactics
38:18 Chemistry
38:04 Ring Archer Armor
38:39 Blast Furnace
38:20 Crop Rotation
38:01 Steppe Husbandry
38:36 Conscription
38:54 Hoardings
38:32 Hussar
42:02 Plate Barding Armor
47:20 Cuman Mercenaries
49:08 Coinage
48:41 Caravan
50:01 Banking
49:48 Guilds
漂亮国五星上将艾森豪威尔下士
11:32 Feudal Age
17:09 Castle Age
16:16 Double-Bit Axe
16:28 Horse Collar
21:20 Bow Saw
24:46 Wheelbarrow
25:27 Chemistry
24:42 Fletching
24:53 Padded Archer Armor
29:18 Imperial Age
27:25 Hand Cart
28:13 Heavy Plow
28:42 Leather Archer Armor
28:24 Bodkin Arrow
29:23 Town Watch
30:23 Elite Hussite Wagon
32:05 Houfnice
34:03 Town Patrol
35:04 Elite Hussite Wagon
36:36 Ring Archer Armor
36:07 Bracer
36:33 Ballistics
35:55 Treadmill Crane
36:24 Siege Engineers
36:29 Masonry
37:13 Conscription
37:20 Conscription
37:10 Wagenburg Tactics
37:54 Houfnice
45:34 Guilds
45:25 Caravan
45:56 Coinage
46:28 Scale Mail Armor
48:17 Banking
56:37 Forging
56:43 Chain Mail Armor
56:30 Pikeman
57:10 Squires
57:38 Murder Holes
57:25 Halberdier
58:45 Plate Mail Armor
1956323535
11:17 Feudal Age
16:09 Castle Age
14:13 Double-Bit Axe
14:09 Horse Collar
17:01 Bow Saw
16:52 Heavy Plow
23:21 Wheelbarrow
23:25 Stone Mining
24:24 Gold Mining
31:33 Imperial Age
28:50 Loom
28:50 Town Watch
29:27 Hand Cart
30:11 Stone Shaft Mining
30:09 Eupseong
30:02 Treadmill Crane
30:32 Masonry
30:44 Ballistics
30:18 Fletching
30:49 Town Patrol
31:11 Scale Mail Armor
31:16 Scale Barding Armor
31:07 Bodkin Arrow
31:50 Squires
31:11 Pikeman
32:16 Chain Mail Armor
32:58 Gold Shaft Mining
33:38 Two-Man Saw
32:34 Arrowslits
33:53 Plate Mail Armor
33:33 Bracer
33:37 Halberdier
35:24 Conscription
34:25 Elite War Wagon
35:34 Forging
35:29 Scale Barding Armor
35:34 Forging
41:19 Chemistry
40:50 Architecture
40:25 Siege Engineers
40:35 Fortified Wall
40:24 Murder Holes
41:29 Chemistry
40:29 Murder Holes
40:39 Siege Engineers
40:45 Fortified Wall
41:44 Iron Casting
41:29 Chain Barding Armor
46:08 Chemistry
50:10 Guilds
Connection lost

Rejoining the realm…

Still unreachable

The connection could not be restored.

Session expired

The server has moved on; the page needs a fresh start.